 Dungeon Crawl Stone Soup version 0.29-a0-91-gdebf4667c2 (webtiles) character file.

Game seed: 1011980869593686478

117 siradein the Ducker (level 4, -1/45 HPs)
             Began as a Troll Fighter on Feb 7, 2022.
             Killed by divine providence
             ... invoked by an orc priest
              (15 damage)
             ... on level 3 of the Dungeon.
             The game lasted 00:03:24 (983 turns).

siradein the Ducker (Troll Fighter)                  Turns: 983, Time: 00:03:25

Health: -1/45      AC:  4    Str: 24    XL:     4   Next: 71%
Magic:  3/3        EV:  9    Int:  4    God:
Gold:   24         SH:  7    Dex: 11    Spells: 3/3 levels left

rFire   . . .      SeeInvis .     - Unarmed
rCold   . . .      Faith    .   b - +0 kite shield
rNeg    . . .      Spirit   .   a - +0 robe
rPois   .          Reflect  .   (helmet restricted)
rElec   .          Harm     .   (no cloak)
rCorr   .          Rampage  .   (gloves unavailable)
Will    .....                   (boots unavailable)
Stlth   +.........              (no amulet)
HPRegen 0.95/turn               (no ring)
MPRegen 0.08/turn               (no ring)

@: no status effects
A: large, unfitting armour, claws 3, regeneration 1, shaggy fur 1, tough skin 1
a: no special abilities


You were on level 3 of the Dungeon.
You visited 1 branch of the dungeon, and saw 3 of its levels.

You collected 24 gold pieces.

Inventory:

Missiles
 i - 5 large rocks (quivered)
Armour
 a - a +0 robe (worn)
 b - a +0 kite shield (worn)
Scrolls
 d - 3 scrolls of identify {unknown}
 f - a scroll of noise {unknown}
 h - a scroll of teleportation {unknown}
Potions
 c - a potion of might
 e - 2 potions of lignification {unknown}
 g - a potion of curing {unknown}


   Skills:
 + Level 3.0 Fighting
 + Level 0.5 Throwing
 + Level 3.0 Dodging
 + Level 3.0 Shields
 + Level 3.0 Unarmed Combat


You had 3 spell levels left.
You didn't know any spells.
Your spell library was empty.

Dungeon Overview and Level Annotations

Branches:
Dungeon (3/15)

Altars:
Hepliaklqana


Innate Abilities, Weirdness & Mutations

You are too large for most types of armour.
You have claws for hands.
Your natural rate of healing is unusually fast.
You are covered in fur. (AC +1)
You have tough skin. (AC +1)


Message History

The orc priest hits you with a +0 flail.
Items here: )) ††.
You closely miss the orc priest. The orc priest closely misses you.
You completely miss the orc. You claw the orc!
You kill the orc!
The orc priest calls down the wrath of Beogh upon you.
Pain shoots through your body!
You miss the kobold. The kobold closely misses you.
You claw the kobold!
You kill the kobold!
You barely miss the orc priest.
The orc priest hits you with a +0 flail.
You claw the orc priest!
The orc priest is almost dead.
The orc priest invokes the aid of Beogh against you.
Pain shoots through your body!
The orc priest looks braver for a moment.
You are too injured to fight recklessly!
You are too injured to fight recklessly!
You are too injured to fight recklessly!
You are too injured to fight recklessly!
You barely miss the orc priest.
The orc priest is almost dead.
The orc priest completely misses you.
The orc priest hits you with a +0 flail.
You closely miss the orc priest.
The orc priest is almost dead.
You block the orc priest's attack.
You claw the orc priest!
You kill the orc priest!
The orc priest invokes the aid of Beogh against you.
Beogh smites you!
* * * LOW HITPOINT WARNING * * *
Your Fighting skill increases to level 3!
Your Shields skill increases to level 3!
Your Unarmed Combat skill increases to level 3!
The orc priest mumbles some strange prayers to Beogh against you.
Beogh smites you!
You die...

... #)# #)# .# ##
##### #.# ...# #...#
#.#####.#######...#
#.##..o.#..........<.#
#.....#.#......###...#
#####.#g#.####.# #####
#.#.@....#.#
#.....#.##.######
####)....#......#
#............#
#.....#......#
#.....#......#
#.....#......#
##############


You could see an orc priest and a goblin.

Vanquished Creatures
  An orc priest (D:3)
  3 adders (D:2)
  A gnoll (D:1)
  2 worms (D:2)
  A dart slug (D:1)
  4 orcs (D:3)
  5 ball pythons
  3 endoplasms
  2 giant cockroaches (D:1)
  2 hobgoblins (D:1)
  4 kobolds
  2 quokkas (D:1)
  7 bats
  A frilled lizard (D:1)
  3 goblins
  A rat (D:1)
42 creatures vanquished.

Notes
Turn   | Place    | Note
-------+----------+-------------------------------------------
     0 | D:1      | siradein the Troll Fighter began the quest for the Orb.
     0 | D:1      | Reached XP level 1. HP: 22/22 MP: 0/0
   102 | D:1      | Reached XP level 2. HP: 29/29 MP: 1/1
   126 | D:1      | Found a faded altar of an unknown god.
   200 | D:1      | Reached XP level 3. HP: 36/36 MP: 2/2
   640 | D:2      | Found a hazy altar of Hepliaklqana.
   675 | D:2      | Reached XP level 4. HP: 44/44 MP: 3/3
   983 | D:3      | Killed from afar by an orc priest

Illustrated notes

Levels and vault maps discovered:
D:1:      giann_bridges, layout_rooms, hellmonk_ecumenical_altar_arch_garden
D:2:      layout_rooms, basic_altar
D:3:      minmay_door_path, layout_basic, st_stairs_9,
          kennysheep_generic_room_15, uniq_crazy_yiuf_cottage, uniq_natasha,
          uniq_jessica

Skill      XL: |  1  2  3  4 |
---------------+-------------+-----
Dodging        | 3 |  3.0
Fighting       | 3 |  3.0
Shields        | 3 |  3.0
Unarmed Combat | 3 |  3.0
Throwing       | |  0.5

Action                   |  1- 3 |  4- 6 || total
-------------------------+-------+-------++-------
Melee: Unarmed           |    76 |    31 ||   107
Armor: Robe              |    28 |     5 ||    33
Dodge: Dodged            |    28 |    11 ||    39
Block: Kite shield       |    19 |     8 ||    27

Table legend: (Time is in decaauts)
 A = Elapsed time spent in this place.
 B = Non-inter-level travel time spent in this place.
 C = Inter-level travel time spent in this place.
 D = Time resting spent in this place.
 E = Time spent auto-exploring this place.
 F = Levels seen in this place.
 G = Mean time per level.
                   A        B        C        D        E       F      G
               +--------+--------+--------+--------+--------+-----+--------+
         Total |    994 |    954 |     40 |      0 |    682 |   3 |  331.3 |
       Dungeon |    994 |    954 |     40 |      0 |    682 |   3 |  331.3 |
               +--------+--------+--------+--------+--------+-----+--------+

Top non-repeatable levels by time:
     D:1: 565 daAuts
     D:2: 375 daAuts
     D:3: 53 daAuts
